 Dungeon Crawl Stone Soup version 0.23.0 (webtiles) character file.

Game seed: 13245335026471502325

16417 inmateoo the Earth Mage (level 12, -4/83 HPs)
             Began as a Formicid Earth Elementalist on Feb 10, 2019.
             Was a Priest of Vehumet.
             Slain by a centaur warrior
             ... wielding the +11 mace "Ving" {crush, rN+++ Str-3 Int+2 Dex+4}
              (19 damage)
             ... on level 12 of the Dungeon.
             The game lasted 00:24:38 (13117 turns).

inmateoo the Earth Mage (FoEE)                     Turns: 13117, Time: 00:24:38

Health: -4/83      AC: 14    Str: 14    XL:     12   Next: 69%
Magic:  13/24      EV: 13    Int: 22    God:    Vehumet [***...]
Gold:   384        SH:  4    Dex: 11    Spells: 12/27 levels left

rFire    . . .     SeeInvis +   q - +3 quarterstaff (crush)
rCold    . . .     Gourm    .   f - +0 buckler
rNeg     . . .     Faith    .   B - +0 troll leather armour
rPois    .         Spirit   .   (helmet unavailable)
rElec    .         Reflect  .   D - scarf {cloud immunity}
rCorr    .         Harm     .   A - +2 pair of gloves
MR       +....                  n - +1 pair of boots {run}
Stlth    ++........             (no amulet)
HPRegen  0.63/turn              i - +4 ring of protection
MPRegen  0.19/turn              x - +3 ring of intelligence

@: quick
A: permanent stasis, dig shafts and tunnels, four strong arms, antennae 3
a: Dig, Shaft Self, Renounce Religion


You were on level 12 of the Dungeon.
You worshipped Vehumet.
Vehumet was most pleased with you.
You were very hungry.

You visited 2 branches of the dungeon, and saw 13 of its levels.

You collected 1189 gold pieces.
You spent 805 gold pieces at shops.

Inventory:

Hand Weapons
 q - a +3 quarterstaff of crushing (weapon)
Missiles
 b - 173 stones (quivered)
Armour
 c - the +4 chain mail of Uforall {rPois Int+4}
   (You bought it in a shop on level 8 of the Dungeon)

   It affects your intelligence (+4).
   It protects you from poison.
 f - a +0 buckler (worn)
 n - a +1 pair of boots of running (worn)
 r - a +0 shield
 u - a +0 cloak of invisibility
 A - a +2 pair of gloves (worn)
 B - a +0 troll leather armour (worn)
 D - a scarf of cloud immunity (worn)
Magical Staves
 z - an uncursed staff of earth
Jewellery
 i - a +4 ring of protection (left hand)
 j - an uncursed ring of resist corrosion
 v - a +3 ring of protection
 x - a +3 ring of intelligence (right hand)
Wands
 m - a wand of paralysis (4)
 p - a wand of flame (34)
 E - a wand of enslavement (11)
 H - a wand of polymorph (17)
Scrolls
 a - 5 scrolls of magic mapping
 e - 2 scrolls of identify
 h - a scroll of fear
 k - 3 scrolls of acquirement
 y - 2 scrolls of brand weapon
 C - 3 scrolls of remove curse
 F - a scroll of enchant armour
Potions
 g - 2 potions of might
 l - 2 potions of haste
 o - 2 potions of brilliance
 s - 3 potions of curing
 t - 3 potions of invisibility
 w - 2 potions of flight
Comestibles
 d - 10 rations


   Skills:
 + Level 4.0 Fighting
 + Level 5.0 Staves
 + Level 4.1 Armour
 + Level 4.0 Dodging
 - Level 5.0 Stealth
 - Level 4.0 Shields
 + Level 8.0 Spellcasting
 - Level 5.0 Conjurations
 - Level 1.1 Transmutations
 + Level 15.1 Earth Magic
 + Level 8.1 Poison Magic
 + Level 0.5 Evocations


You had 12 spell levels left.
You knew the following spells:

 Your Spells              Type           Power        Failure   Level  Hunger
a - Sandblast             Erth           ######       0%          1    None
b - Passwall              Tmut/Erth      #####...     1%          2    None
c - Stone Arrow           Conj/Erth      ######       1%          3    None
d - Lee's Rapid Deconstr  Erth           ######....   1%          5    #####..
e - Olgreb's Toxic Radia  Pois           #####...     1%          4    ###....

Your spell library contained the following spells:

 Spells                   Type           Power        Failure   Level  Hunger
 Fulminant Prism          Conj/Hex       ###.......   9%          4    ###....
 Flame Tongue             Conj/Fire      ###..        1%          1    None
 Sting                    Conj/Pois      ####         1%          1    None
 Throw Flame              Conj/Fire      ###...       1%          2    None
 Freeze                   Ice            #...         2%          1    None
 Poisonous Vapours        Pois/Air       ####..       2%          2    None
 Conjure Flame            Conj/Fire      ###.....     2%          3    None
 Petrify                  Tmut/Erth      #####...     3%          4    ###....
 Inner Flame              Hex/Fire       #.......     7%          3    None
 Sticky Flame             Conj/Fire      ###.....     9%          4    ###....
 Fireball                 Conj/Fire      ###.......   22%         5    #####..
 Freezing Cloud           Conj/Ice/Air   ###.......   83%         6    ######.


Dungeon Overview and Level Annotations

Branches:
Dungeon (12/15)            Temple (1/1) D:7            Lair (0/6) D:11
    Orc: D:9-12

Altars:
Dithmenos
Fedhas
Gozag
Hepliaklqana
Kikubaaqudgha
Makhleb
Nemelex Xobeh
Okawaru
Qazlal
Trog
Uskayaw
Vehumet
Wu Jian
Xom
Yredelemnul
Zin
The Shining One

Shops:
D:5 :[   D:8 [?*


Innate Abilities, Weirdness & Mutations

You cannot be hasted, slowed, berserked, paralysed or teleported.
You can dig through walls and to a lower floor.
Your four strong arms can wield two-handed weapons with a shield.
You have a pair of large antennae on your head. (SInv)


Message History

Confirm with . or Enter, or press ? or * to list all spells.
Aiming: Sandblast (safe; 0% risk of failure)
Press: ? - help, Shift-Dir - straight line, f/p - centaur warrior
Aim: a centaur warrior, wielding the +11 mace "Ving" {crush, rN+++ Str-3 Int+2 Dex+4} (heavily wounded)
The blast of sand hits the centaur warrior.
The centaur warrior is severely wounded.
b - 174 stones The centaur warrior hits you but does no damage.
Unknown command.
Casting: Sandblast (safe; 0% risk of failure)
Confirm with . or Enter, or press ? or * to list all spells.
Aiming: Sandblast (safe; 0% risk of failure)
Press: ? - help, Shift-Dir - straight line, f/p - centaur warrior
Aim: a centaur warrior, wielding the +11 mace "Ving" {crush, rN+++ Str-3 Int+2 Dex+4} (severely wounded)
The blast of sand hits the centaur warrior!
The centaur warrior is almost dead.
b - 173 stones The centaur warrior barely misses you.
The centaur warrior hits you with the +11 mace "Ving" {crush, rN+++ Str-3 Int+2 Dex+4}!!
You die...

#..{#(## ##.####### .......#(.#
##((...##.. .#######.{#
##.###..##.#
##...)....###.###.#..#.#
#..######.({.###.###.#.##########
.............# ##.##............#
.#.........(.# #.###....#######.#
.............# ##c##....# #.#
.............# #@###....# #.#
.......>...{.# ### #....# #.#
.............# #....# #.#
.............#######....#######.#
......... .....#....#.......#
........ ..# .....#....#.......#
..# .....#....#.......# #.#
.....#....#.......# #.#
######....#########


You could see a centaur warrior.

Vanquished Creatures
  A two-headed ogre (D:11)
  3 death yaks
  Pikel (D:4)
  An ugly thing (D:11)
  A cyclops (D:12)
  Maurice (D:12)
  2 kobold demonologists (D:11)
  A gargoyle (D:11)
  A yaktaur (D:12)
  2 trolls
  4 slime creatures (D:10)
  A hippogriff (D:10)
  A meliai zombie (D:12)
  The ghost of Haldmier the Sneak, an amateur TeEn (D:4)
  A vampire (D:10)
  A wraith (D:10)
  16 yaks
  A shadow (D:12)
  A wyvern (D:9)
  A hungry ghost (D:7)
  A water moccasin (D:8)
  An acid dragon (D:12)
  A porcupine (D:11)
  5 orc warriors
  3 sky beasts
  3 phantoms
  A black bear (D:10)
  An ice beast (D:5)
  6 centaurs
  2 necrophages
  5 ogres
  3 big kobolds
  5 bullfrogs
  A wyvern zombie (D:8)
  6 scorpions
  3 killer bees (D:10)
  4 howler monkeys
  19 wights
  4 crimson imps
  3 centaur zombies
  A bullfrog zombie (D:11)
  4 jellies
  5 orc priests
  8 hounds
  7 orc wizards
  2 hell rats (D:11)
  A centaur skeleton (D:8)
  7 worker ants
  3 hound zombies
  A hound skeleton (D:9)
  3 worker ant zombies
  10 adders
  4 gnolls (D:8)
  5 shadow imps
  2 oozes (D:4)
  4 dart slugs
  3 leopard geckos
  40 orcs
  2 ball pythons
  3 bats (D:3)
  5 giant cockroaches
  10 goblins
  4 hobgoblins
  7 quokkas
  4 frilled lizards
  A jackal skeleton (D:5)
  16 kobolds
  3 leopard gecko skeletons
  6 rats
290 creatures vanquished.

Vanquished Creatures (others)
  An unseen horror (D:12)
1 creature vanquished.

Grand Total: 291 creatures vanquished

Notes
Turn   | Place    | Note
-------+----------+-------------------------------------------
     0 | D:1      | inmateoo the Formicid Earth Elementalist began the quest
                  | for the Orb.
     0 | D:1      | Reached XP level 1. HP: 13/13 MP: 3/3
   368 | D:1      | Reached XP level 2. HP: 14/19 MP: 5/5
   477 | D:1      | Reached skill level 4 in Earth Magic
   626 | D:1      | Reached XP level 3. HP: 25/25 MP: 4/6
   630 | D:1      | Learned a level 2 spell: Passwall
   634 | D:1      | Learned a level 3 spell: Stone Arrow
   911 | D:2      | Reached skill level 1 in Fighting
  1005 | D:2      | Reached XP level 4. HP: 21/32 MP: 5/8
  1215 | D:2      | Found a basalt altar of Yredelemnul.
  1215 | D:2      | Found an opulent altar of Gozag.
  1216 | D:2      | Found a stormy altar of Qazlal.
  1822 | D:3      | Reached XP level 5. HP: 37/37 MP: 9/9
  2771 | D:4      | Reached skill level 5 in Earth Magic
  2841 | D:4      | Noticed a phantom
  3015 | D:4      | Found an ornate altar of the Wu Jian Council.
  3059 | D:4      | Noticed an ogre
  3066 | D:4      | Killed an ogre
  3066 | D:4      | Reached XP level 6. HP: 22/44 MP: 4/10
  3282 | D:4      | Found a hazy altar of Hepliaklqana.
  3385 | D:4      | Killed a phantom
  3385 | D:4      | Reached XP level 7. HP: 51/51 MP: 0/12
  3430 | D:4      | Reached skill level 6 in Earth Magic
  3536 | D:4      | Noticed Pikel
  3551 | D:4      | Killed Pikel
  3551 | D:4      | Reached XP level 8. HP: 41/58 MP: 0/14
  3669 | D:4      | Found a runed translucent gate.
  3669 | D:4      | Found a runed translucent gate.
  3670 | D:4      | Found a runed translucent gate.
  3671 | D:4      | Noticed Haldmier's ghost (amateur TeEn)
  4000 | D:4      | Killed Haldmier's ghost
  4000 | D:4      | Reached skill level 5 in Stealth
  4000 | D:4      | Reached skill level 7 in Earth Magic
  4198 | D:5      | Entered Level 5 of the Dungeon
  4390 | D:5      | Found Izaiplef's Antique Armour Shop.
  4399 | D:5      | Bought a dyed leather armour for 130 gold pieces
  4491 | D:5      | Learned a level 5 spell: Lee's Rapid Deconstruction
  4762 | D:5      | Found Likhesoh's Book Shoppe.
  5185 | D:6      | Reached skill level 1 in Conjurations
  5185 | D:6      | Reached XP level 9. HP: 56/65 MP: 15/15
  5252 | D:6      | Identified Sif Muna's Compendium of Glacial Intoxication
  5262 | D:6      | Learned a level 4 spell: Olgreb's Toxic Radiance
  5297 | D:6      | Reached skill level 8 in Earth Magic
  5490 | D:6      | Reached skill level 1 in Poison Magic
  6444 | D:7      | Reached skill level 5 in Spellcasting
  6466 | D:7      | Reached skill level 5 in Staves
  6512 | D:7      | Identified a +1 pair of boots of running (You found it on
                  | level 7 of the Dungeon)
  6624 | D:7      | Reached skill level 9 in Earth Magic
  7179 | D:7      | Reached XP level 10. HP: 59/71 MP: 18/18
  7359 | D:7      | Found a staircase to the Ecumenical Temple.
  7371 | Temple   | Entered the Ecumenical Temple
  7459 | Temple   | Became a worshipper of Vehumet
  7815 | D:8      | Found Inumao Vixke's Magic Scroll Boutique.
  7872 | D:8      | Found Lopnoax's Armour Shop.
  7891 | D:8      | Reached skill level 10 in Earth Magic
  7934 | D:8      | Found Pibuz's Assorted Antiques.
  7938 | D:8      | Bought a scroll labeled DENULO KAMU for 29 gold pieces
  7938 | D:8      | Bought a scroll labeled NOTASA BUALITS for 29 gold pieces
  8029 | D:8      | Bought the +4 chain mail of Uforall {rPois Int+4} for 617
                  | gold pieces
  8374 | D:8      | Reached skill level 5 in Poison Magic
  8391 | D:8      | Reached skill level 1 in Shields
  8640 | D:9      | Reached skill level 1 in Armour
  8815 | D:9      | Found a burning altar of Makhleb.
  9335 | D:9      | Reached * piety under Vehumet
  9335 | D:9      | Offered knowledge of Magic Dart by Vehumet.
  9765 | D:10     | Entered Level 10 of the Dungeon
  9783 | D:9      | Reached skill level 11 in Earth Magic
  9783 | D:9      | Reached XP level 11. HP: 50/77 MP: 2/20
 10396 | D:10     | Reached ** piety under Vehumet
 10418 | D:10     | Offered knowledge of Shock by Vehumet.
 11132 | D:10     | Reached skill level 5 in Conjurations
 11281 | D:11     | Noticed a two-headed ogre
 11359 | D:11     | Killed a two-headed ogre
 11359 | D:11     | Reached skill level 12 in Earth Magic
 11475 | D:11     | Noticed a death yak
 11475 | D:11     | Noticed a purple ugly thing
 11487 | D:11     | Noticed a death yak
 11500 | D:11     | Killed a purple ugly thing
 11528 | D:10     | Killed a death yak
 11528 | D:10     | Offered knowledge of Dazzling Spray by Vehumet.
 11639 | D:11     | Found a staircase to the Lair.
 11847 | D:11     | Reached *** piety under Vehumet
 12030 | D:11     | Reached XP level 12. HP: 77/83 MP: 23/23
 12144 | D:11     | Found a blossoming altar of Fedhas.
 12199 | D:11     | Noticed a sun demon
 12518 | D:12     | Noticed an unseen horror
 12522 | D:12     | Reached skill level 13 in Earth Magic
 12527 | D:12     | Killed an unseen horror
 12532 | D:12     | Offered knowledge of Fulminant Prism by Vehumet.
 12533 | D:12     | Noticed an ogre mage
 12649 | D:12     | Reached skill level 14 in Earth Magic
 12826 | D:11     | Noticed a death yak
 12842 | D:11     | Killed a death yak
 12860 | D:11     | Killed a death yak
 13071 | D:12     | Reached skill level 15 in Earth Magic
 13075 | D:12     | Noticed Maurice
 13083 | D:12     | Killed Maurice
 13097 | D:12     | Identified the +11 mace "Ving" {crush, rN+++ Str-3 Int+2
                  | Dex+4}
 13097 | D:12     | Noticed a centaur warrior
 13117 | D:12     | Slain by a centaur warrior

Skill      XL: |  1  2  3  4  5  6  7  8  9 10 11 12 |
---------------+-------------------------------------+-----
Earth Magic    | 4 5 6 7 9 11 12 15 | 15.1
Dodging        | 2 3 4 |  4.0
Fighting       | 1 2 3 4 |  4.0
Stealth        | 3 4 5 |  5.0
Spellcasting   | 3 4 5 6 7 8 |  8.0
Staves         | 2 3 5 |  5.0
Conjurations   | 1 2 4 5 |  5.0
Poison Magic   | 3 5 7 8 |  8.1
Shields        | 2 4 |  4.0
Armour         | 2 4 |  4.1
Transmutations | |  1.1
Evocations     | |  0.5

Action                   |  1- 3 |  4- 6 |  7- 9 | 10-12 || total
-------------------------+-------+-------+-------+-------++-------
Melee: Unarmed           |    20 |       |       |       ||    20
       Dagger            |     6 |    17 |       |       ||    23
       Quarterstaff      |       |    72 |   332 |   367 ||   771
       Staff             |       |       |       |    24 ||    24
 Cast: Sandblast         |    31 |    47 |    41 |    42 ||   161
       Stone Arrow       |       |       |    13 |    39 ||    52
       Lee's Rapid Decon |       |       |     7 |    40 ||    47
       Passwall          |       |       |     1 |       ||     1
       Olgreb's Toxic Ra |       |       |       |    26 ||    26
 Abil: Dig               |       |       |     1 |     4 ||     5
  Use: Scroll            |       |       |    16 |     7 ||    23
       Potion            |       |       |       |     4 ||     4
 Stab: Sleeping          |     1 |     4 |     9 |     3 ||    17
  Eat: Chunk             |     1 |     7 |    12 |    16 ||    36
       Ration            |       |       |     2 |     5 ||     7
Armor: Robe              |    10 |    32 |    29 |       ||    71
       Leather armour    |       |       |    86 |    11 ||    97
       Chain mail        |       |       |       |   144 ||   144
       Skin              |       |       |       |    23 ||    23
       Troll leather arm |       |       |       |    53 ||    53
Dodge: Dodged            |    26 |    71 |   250 |   223 ||   570
Block: Buckler           |       |       |       |    65 ||    65
